 Dungeon Crawl Stone Soup version bcrawl-1.19.2-6-g6a88ae04c9 (webtiles) character file.

Game seed: 17041049060394560869

205 Mrkan the Skirmisher (level 5, 0/48 HPs)
             Began as a Hill Orc Fighter on Dec 24, 2019.
             Was an Initiate of Elyvilon.
             Slain by an ogre
             ... wielding a +0 giant club
              (14 damage)
             ... on level 4 of the Dungeon.
             The game lasted 00:05:25 (2368 turns).

Mrkan the Skirmisher (Hill Orc Fighter)             Turns: 2368, Time: 00:05:26

Health: 0/48       AC:  9    Str: 20    XL:     5   Next: 83%
Magic:  5/5        EV:  7    Int:  8    God:    Elyvilon [......]
Gold:   206        SH:  9    Dex: 10    Spells: 4/4 levels left

rFire    . . .     SeeInvis .   e - +0 short sword
rCold    . . .     Gourm    .   c - +0 shield
rNeg     . . .     Faith    .   b - +0 scale mail
rPois    .         Spirit   .   p - +0 helmet
rElec    .         Reflect  .   u - scarf {repulsion}
rCorr    .         Harm     .   (no gloves)
MR       .....                  k - +0 pair of boots
Stlth    ..........             (no amulet)
HPRegen  0.16/turn              (no ring)
MPRegen  0.09/turn              (no ring)

@: repel missiles
A: no striking features
a: Renounce Religion


You were on level 4 of the Dungeon.
You worshipped Elyvilon.
Elyvilon was noncommittal.
You were hungry.

You visited 1 branch of the dungeon, and saw 4 of its levels.

You collected 206 gold pieces.

Inventory:

Hand Weapons
 e - a +0 short sword (weapon)
 i - a +1 whip of draining
Armour
 b - a +0 scale mail (worn)
 c - a +0 shield (worn)
 k - a +0 pair of boots (worn)
 p - a +0 helmet (worn)
 u - a scarf of repulsion (worn)
Jewellery
 w - an uncursed ring of protection from cold {unknown}
Scrolls
 a - a scroll of enchant armour
 h - 6 scrolls of identify
Potions
 d - a potion of might
 g - 3 potions of mutation {unknown}
 j - 2 potions of agility {unknown}
 l - a potion of lignification {unknown}
 n - a potion of berserk rage {unknown}
 q - a potion of magic {unknown}
 r - 2 potions of degeneration {unknown}
 v - a potion of heal wounds {unknown}
Comestibles
 f - 6 rations {!d}


   Skills:
 * Level 5.2 Fighting
   Level 5.2 Short Blades
   Level 5.2 Long Blades
   Level 5.2 Axes
   Level 5.2 Maces & Flails
   Level 5.2 Polearms
   Level 5.2 Staves
 + Level 4.5 Armour
 + Level 4.4 Shields
   Level 5.2 Unarmed Combat
 + Level 0.1 Invocations


You had 4 spell levels left.
You didn't know any spells.
Your spell library was empty.

Dungeon Overview and Level Annotations

Branches:
Dungeon (4/12)
 Temple: D:4-7

Altars:
Elyvilon
Qazlal
Sif Muna


Message History

The ogre is lightly wounded.
The ogre hits you with a +0 giant club!
You hit the ogre.
The ogre is moderately wounded.
You puncture the ogre!
The ogre is severely wounded.
You block the ogre's attack.
You hit the ogre.
The ogre is severely wounded.
The ogre hits you with a +0 giant club!
* * * LOW HITPOINT WARNING * * *
You hit the ogre but do no damage.
The ogre is severely wounded.
You hit the ogre.
The ogre is almost dead.
You block the ogre's attack.
Your shield and scale mail prevent you from hitting the ogre.
The ogre is almost dead.
The ogre hits you with a +0 giant club!
You die...

.. .# # .#
##. .###.#
....# #.#.#
#O#.######.
#.@<.......
###.#######
#.# #[# #.#
#.. ###


You could see an ogre.

Vanquished Creatures
  A centaur (D:3)
  Terence (D:2)
  A worker ant zombie (D:3)
  An adder (D:3)
  2 worms (D:1)
  A dart slug (D:3)
  3 leopard geckos
  3 orcs (D:3)
  3 giant cockroaches (D:1)
  3 goblins
  8 hobgoblins
  9 jackals
  9 kobolds
  4 quokkas
  4 bats
  2 frilled lizards
  4 rats
59 creatures vanquished.

Notes
Turn   | Place    | Note
-------+----------+-------------------------------------------
     0 | D:1      | Mrkan the Hill Orc Fighter began the quest for the Orb.
     0 | D:1      | Reached XP level 1. HP: 20/20 MP: 1/1
    44 | D:1      | Reached XP level 2. HP: 19/27 MP: 2/2
   358 | D:1      | Reached XP level 3. HP: 34/34 MP: 3/3
   819 | D:2      | Noticed Terence
   837 | D:2      | Killed Terence
   837 | D:2      | Reached XP level 4. HP: 39/41 MP: 4/4
  1697 | D:3      | Noticed a centaur
  1715 | D:3      | Killed a centaur
  1715 | D:3      | Reached skill level 5 in Fighting
  1715 | D:3      | Reached XP level 5. HP: 32/48 MP: 5/5
  2042 | D:3      | Found a shimmering blue altar of Sif Muna.
  2042 | D:3      | Found a white marble altar of Elyvilon.
  2112 | D:3      | Became a worshipper of Elyvilon the Healer
  2307 | D:3      | Found a stormy altar of Qazlal.
  2358 | D:4      | Noticed an ogre
  2368 | D:4      | Slain by an ogre

Skill      XL: |  1  2  3  4 |
---------------+-------------+-----
Armour         | 4 |  4.5
Fighting       | 5 |  5.2
Shields        | 4 |  4.4
Short Blades   | |  5.2
Long Blades    | |  5.2
Axes           | |  5.2
Maces & Flails | |  5.2
Polearms       | |  5.2
Staves         | |  5.2
Unarmed Combat | |  5.2
Invocations    | |  0.1

Action                   |  1- 3 |  4- 6 || total
-------------------------+-------+-------++-------
Melee: War axe           |    43 |       ||    43
       Whip              |    46 |   110 ||   156
       Short sword       |       |    10 ||    10
  Use: Scroll            |       |     5 ||     5
  Eat: Chunk             |       |     4 ||     4
Armor: Scale mail        |    33 |    59 ||    92
Dodge: Dodged            |    25 |    39 ||    64
Block: Shield            |    36 |    67 ||   103
